 Dungeon Crawl Stone Soup version 0.28-a0-589-g333b8329f1 (webtiles) character file.

Game seed: 314214843200581883

94 bande the Skirmisher (level 4, -1/29 HPs)
             Began as a Gargoyle Fighter on Oct 4, 2021.
             Killed by nerve-wracking pain
             ... invoked by Grinder
              (7 damage)
             ... on level 3 of the Dungeon.
             The game lasted 00:03:20 (2357 turns).

bande the Skirmisher (Gargoyle Fighter)             Turns: 2357, Time: 00:03:21

Health: -1/29      AC: 13    Str: 20    XL:     4   Next: 63%
Magic:  4/4        EV:  7    Int:  9    God:
Gold:   97         SH:  5    Dex:  9    Spells: 3/3 levels left

rFire   . . .      SeeInvis .   a - +0 war axe (vamp)
rCold   . . .      Faith    .   c - +1 buckler
rNeg    + . .      Spirit   .   e - +0 chain mail
rPois   ∞          Reflect  .   (no helmet)
rElec   +          Harm     .   (no cloak)
rCorr   .          Rampage  .   (no gloves)
Will    .....                   (no boots)
Stlth   ..........              (no amulet)
HPRegen 0.09/turn               (no ring)
MPRegen 0.09/turn               (no ring)

@: studying Evocations
A: sickness immunity, AC +3, negative energy resistance 1, electricity
resistance, torment resistance 1, petrification resistance
a: no special abilities


You were on level 3 of the Dungeon.
You visited 1 branch of the dungeon, and saw 3 of its levels.

You collected 97 gold pieces.

Inventory:

Hand Weapons
 a - a +0 vampiric war axe (weapon)
Armour
 c - a +1 buckler (worn)
 e - a +0 chain mail (worn)
Wands
 i - a wand of iceblast (11)
Scrolls
 f - a scroll of identify
 g - a scroll of teleportation
Potions
 b - a potion of curing
 d - 2 potions of might


   Skills:
 + Level 3.9 Fighting
 + Level 2.7 Axes
 + Level 3.9 Armour
 + Level 3.5 Shields
 * Level 2.0 Evocations


You had 3 spell levels left.
You didn't know any spells.
Your spell library was empty.

Dungeon Overview and Level Annotations

Branches:
Dungeon (3/15)

Altars:
Cheibriados

Annotations:
D:3 Grinder


Innate Abilities, Weirdness & Mutations

You are immune to sickness and miasma.
Your stone body is resilient. (AC +3)
You are immune to poison.
You resist negative energy. (rN+)
You are resistant to electric shocks. (rElec)
You are resistant to unholy torment.
You are immune to petrification.


Message History

You kill the quokka!
You barely miss the worm. The worm bites you.
* * * LOW HITPOINT WARNING * * *
You hit the worm.
The worm is moderately wounded.
You barely miss the worm.
The worm is moderately wounded.
The worm bites you.
* * * LOW HITPOINT WARNING * * *
Grinder blinks!
You slash the worm!
You feel better.
The worm is severely wounded.
The worm barely misses you.
You hit the worm but do no damage.
The worm is severely wounded.
The worm barely misses you.
You slash the worm!
You feel better.
You kill the worm!
Grinder gestures at you.
You suddenly lose the ability to move!
Your Evocations skill increases to level 2!
You can move again.
Items here: ( ) †††.
You hit Grinder but do no damage.
Grinder is severely wounded.
Grinder completely misses you.
You barely miss Grinder.
Grinder is severely wounded.
Grinder gestures at you. Pain shoots through your body!
* * * LOW HITPOINT WARNING * * *
You slash Grinder!
Grinder is almost dead.
Grinder gestures at you. Pain shoots through your body!
* * * LOW HITPOINT WARNING * * *
Grinder says, "Wait up."
Grinder gestures at you. Pain shoots through your body!
You die...

..###############.###.
......................
......................
#.###########..##.##..
#.# #..##.# #
#.###########..##.# .#
...............##.##..#..
#>..........#.###........
#.)).†..........@5....(..
#.####........####.......
#.# #.#####..####.......
#.# #.# #..............
#.# #.####(≈≈≈≈≈≈≈≈≈....
#.####......≈.......≈....
#......###.†≈.≈≈≈≈≈.≈....
#.###### #..≈.≈...≈.≈....
#.# #..≈.≈._.≈


You could see Grinder.

Vanquished Creatures
  3 adders
  4 worms
  A dart slug (D:3)
  3 bats
  2 endoplasms
  7 goblins
  7 hobgoblins
  3 jackals (D:1)
  6 kobolds
  3 quokkas
  7 ball pythons
  2 frilled lizards (D:2)
  2 rats (D:3)
50 creatures vanquished.

Vanquished Creatures (others)
  4 plants (D:3)
4 creatures vanquished.

Grand Total: 54 creatures vanquished

Notes
Turn   | Place    | Note
-------+----------+-------------------------------------------
     0 | D:1      | bande the Gargoyle Fighter began the quest for the Orb.
     0 | D:1      | Reached XP level 1. HP: 14/14 MP: 1/1
   326 | D:1      | Reached XP level 2. HP: 19/19 MP: 2/2
  1037 | D:2      | Identified a scroll of acquirement
  1037 | D:2      | Acquired a manual of Evocations
  1176 | D:2      | Reached XP level 3. HP: 20/24 MP: 3/3
  1347 | D:2      | Reached skill level 1 in Evocations
  1716 | D:2      | Reached XP level 4. HP: 29/29 MP: 4/4
  2231 | D:3      | Found a snail-covered altar of Cheibriados.
  2324 | D:3      | Noticed Grinder
  2326 | D:3      | Paralysed by Grinder for 5 turns
  2351 | D:3      | Paralysed by Grinder for 3 turns
  2357 | D:3      | Killed from afar by Grinder

Illustrated notes

Levels and vault maps discovered:
D:1:      dpeg_arrival_stone_temple_mockup, layout_loops_cross,
          grunt_decor_resistance, minmay_tree_intersection, minivault_24
D:2:      layout_basic, minmay_misc_feat_columns, lemuel_another_geyser
D:3:      layout_basic, mainiacjoe_overflow_concentric_impassable,
          dreamdust_ecumenical_altar_hidden_monk_grotto, serial_bayou_lake_a,
          uniq_robin, uniq_grinder

Skill      XL: |  1  2  3  4 |
---------------+-------------+-----
Axes           | 2 |  2.7
Evocations     | 1 2 |  2.0
Fighting       | |  3.9
Armour         | |  3.9
Shields        | |  3.5

Action                   |  1- 3 |  4- 6 || total
-------------------------+-------+-------++-------
Melee: War axe           |   109 |    73 ||   182
  Use: Scroll            |     4 |     3 ||     7
Armor: Scale mail        |    12 |       ||    12
       Chain mail        |    71 |    39 ||   110
Dodge: Dodged            |    42 |    13 ||    55
Block: Buckler           |    16 |    18 ||    34

Table legend: (Time is in decaauts)
 A = Elapsed time spent in this place.
 B = Non-inter-level travel time spent in this place.
 C = Inter-level travel time spent in this place.
 D = Time resting spent in this place.
 E = Time spent auto-exploring this place.
 F = Levels seen in this place.
 G = Mean time per level.
                   A        B        C        D        E       F      G
               +--------+--------+--------+--------+--------+-----+--------+
         Total |   2427 |   2393 |     34 |      0 |   1883 |   3 |  809.0 |
       Dungeon |   2427 |   2393 |     34 |      0 |   1883 |   3 |  809.0 |
               +--------+--------+--------+--------+--------+-----+--------+

Top non-repeatable levels by time:
     D:2: 1209 daAuts
     D:1: 1054 daAuts
     D:3: 163 daAuts
